 Dungeon Crawl Stone Soup version 0.31-a0-609-g7bf6ffcfed (webtiles) character file.

Game seed: 9873575846017880538

802 BubbleThief the Ruffian (level 7, -2/52 HPs)
             Began as an Octopode Shapeshifter on Aug 22, 2023.
             Killed by divine providence
             ... invoked by an orc priest
              (9 damage)
             ... on level 5 of the Dungeon.
             The game lasted 00:05:04 (3974 turns).

BubbleThief the Ruffian (Octopode Shapeshifter)     Turns: 3974, Time: 00:05:05

Health: -2/52      AC:  1    Str: 16    XL:     7   Next: 91%
Magic:  7/7        EV: 13    Int: 16    God:
Gold:   242        SH:  5    Dex: 19    Spells: 6/6 levels left

rFire   . .          .
                       - Unarmed
rCold   + . .        (no shield)
rNeg    . . .        (helmet currently unavailable)
rPois   .            s - amulet of reflection
rElec   .            i - ring of protection from cold
rCorr   .            o - +6 ring of dexterity
SInv    .            p - +6 ring of intelligence
Will    .....        (no ring)
Stlth   +++          (no ring)
HPRegen 0.28/turn    (no ring)
MPRegen 0.10/turn    (no ring)
                     (no ring)

%: reflection
@: beast-form
A: beast (slay +2), almost no armour, amphibious, 8 rings, camouflage 1,
gelatinous body 1, (nimble swimmer 1), tentacles, inability to drink after
injury 1
a: Begin Untransformation


You were on level 5 of the Dungeon.
You were a hulking beast.
You visited 1 branch of the dungeon, and saw 5 of its levels.

You collected 242 gold pieces.

Inventory:

Missiles
 m - 6 javelins (quivered)
Jewellery
 i - a ring of protection from cold (left tentacle)
 o - a +6 ring of dexterity (right tentacle)
 p - a +6 ring of intelligence (on tentacle)
 s - an amulet of reflection (around mantle)
 t - a +6 ring of intelligence
 v - a ring of see invisible
Talismans
 b - a beast talisman (active)
 c - a flux talisman
Wands
 x - a wand of roots (9)
Scrolls
 e - 4 scrolls of identify {unknown}
 f - a scroll of revelation {unknown}
 h - 4 scrolls of fog {unknown}
 j - 3 scrolls of vulnerability {unknown}
 l - a scroll of noise {unknown}
 n - a scroll of amnesia {unknown}
 q - 2 scrolls of enchant weapon {unknown}
 r - 2 scrolls of teleportation {unknown}
 u - a scroll of brand weapon {unknown}
 w - a scroll of torment {unknown}
 y - a scroll of blinking {unknown}
 z - 2 scrolls of poison {unknown}
 A - a scroll of immolation {unknown}
Potions
 a - a potion of lignification
 d - a potion of curing


   Skills:
 + Level 6.0 Fighting
 - Level 2.0 Dodging
 + Level 6.8 Unarmed Combat
 - Level 3.0 Shapeshifting


You had 6 spell levels left.
You didn't know any spells.
Your spell library contained the following spells:

 Spells                   Type           Power      Damage    Failure   Level
 Apportation              Tloc           0%         N/A       26%         1
 Necrotise                Necr           0%         1d4       26%         1
 Ensorcelled Hibernation  Hex/Ice        0%         N/A       36%         2
 Passwall                 Tmut/Erth      0%         N/A       36%         2
 Swiftness                Air            0%         N/A       58%         3
 Vampiric Draining        Necr           0%         2d6       58%         3
 Agony                    Necr           0%         N/A       100%        5
 Alistair's Intoxication  Tmut/Pois      0%         N/A       100%        5


Dungeon Overview and Level Annotations

Branches:
Dungeon (5/15)
 Temple: D:4-7

Altars:


Innate Abilities, Weirdness & Mutations

You are a hulking beast.
Your limbs bulge with bestial killing power. (Slay +2)
You cannot wear most types of armour.
You are amphibious.
You can wear up to eight rings at the same time.
Your skin changes colour to match your surroundings (Stealth+).
Your rubbery body absorbs attacks. (AC +1, EV +1)
((You are camouflaged when in or above water. (Stealth+)))
You have tentacles for arms and can constrict up to eight enemies at once.
You occasionally lose the ability to drink potions when taking damage.


Message History

The orc priest is heavily wounded.
You constrict the orc priest.
Unknown command.
You tentacle-slap the orc priest. Your squeeze misses the orc priest.
The orc priest is almost dead.
You constrict the orc priest.
You kill the orc priest!
Your Fighting skill increases to level 6!
Unknown command.
You bludgeon the orc wizard! You grab the orc wizard.
The orc wizard is severely wounded.
You constrict the orc wizard.
The orc wizard hits you with a +0 dagger.
* * * LOW HITPOINT WARNING * * *
The orc priest calls upon Beogh to heal the orc wizard.
The orc wizard is healed somewhat.
You barely miss the orc wizard.
The orc wizard is moderately wounded.
You constrict the orc wizard.
The orc wizard hits you with a +0 dagger.
* * * LOW HITPOINT WARNING * * *
Unknown command.
You tentacle-slap the orc wizard but do no damage.
The orc wizard is heavily wounded.
You constrict the orc wizard.
The orc wizard gestures wildly while chanting.
The orc wizard flickers and vanishes!
Deactivating autopickup; reactivate with Ctrl-A.
Unknown command.
You release your grip on something.
Something hits you.
* * * LOW HITPOINT WARNING * * *
You block the orc priest's attack.
Unknown command.
You tentacle-slap the orc priest. Your grab misses the orc priest.
You squeeze the orc priest.
The orc priest is heavily wounded.
Something hits you but does no damage. The orc closely misses you.
The orc priest mumbles some strange prayers to Beogh against you.
Beogh smites you!
You die...

#.# #
#.##### #
#####.?.))#
#
#.....###)#
#
#......##)#
#
#....).##.#
.
#......##.#
#...o).##.#
#..oh{....#
#.....#####
#...o.#
#.......oo.o
#..........o
#...........
#...........
....########
.....#


You could see an orc priest, an orc wizard and an orc.

Vanquished Creatures
  Sigmund (D:3)
  An ogre (D:3)
  A scorpion (D:4)
  Crazy Yiuf (D:3)
  3 orc priests (D:5)
  4 hounds (D:4)
  2 iguanas (D:4)
  2 orc wizards
  6 adders
  5 worms
  16 orcs
  4 ball pythons
  7 endoplasms
  6 giant cockroaches
  13 goblins
  6 hobgoblins
  2 jackals (D:3)
  3 quokkas
  4 bats
  A frilled lizard (D:1)
  3 kobolds
  A rat (D:1)
92 creatures vanquished.

Notes
Turn   | Place    | Note
-------+----------+-------------------------------------------
     0 | D:1      | BubbleThief the Octopode Shapeshifter began the quest for
                  | the Orb.
     0 | D:1      | Reached XP level 1. HP: 13/13 MP: 1/1
   126 | D:1      | Found a faded altar of an unknown god.
   672 | D:2      | Reached XP level 2. HP: 18/19 MP: 2/2
   815 | D:2      | Reached XP level 3. HP: 24/24 MP: 3/3
  1159 | D:3      | Reached XP level 4. HP: 20/30 MP: 4/4
  1491 | D:3      | Noticed Sigmund
  1498 | D:3      | Killed Sigmund
  1499 | D:3      | Reached skill level 5 in Unarmed Combat
  1499 | D:3      | Reached XP level 5. HP: 9/37 MP: 5/5
  1499 | D:3      | Reached XP level 6. HP: 10/43 MP: 6/6
  1976 | D:3      | Found a runed translucent door.
  1977 | D:3      | Noticed Crazy Yiuf
  2454 | D:3      | Killed Crazy Yiuf
  2764 | D:4      | Reached XP level 7. HP: 49/49 MP: 7/7
  2874 | D:4      | Reached skill level 5 in Fighting
  3840 | D:5      | Entered Level 5 of the Dungeon
  3932 | D:5      | HP: 2/51 [orc priest/nerve-wracking pain (11)]
  3937 | D:5      | HP: 1/51 [orc/+0 club (3)]
  3946 | D:5      | Gained mutation: You occasionally lose the ability to drink
                  | potions when taking damage. [potion of mutation]
  3974 | D:5      | Killed from afar by an orc priest

Illustrated notes

Levels and vault maps discovered:
D:1:      tarquinn_simple_flora_water_d, layout_basic,
          chequers_ecumenical_altar_simple_redux
D:2:      layout_basic
D:3:      layout_basic, gup_sewer_entry_spiral, minmay_ogre_servants,
          uniq_crazy_yiuf_cottage, uniq_sigmund
D:4:      minmay_thinvault, layout_basic
D:5:      layout_basic, amcnicky_altar_gilded, minmay_temple_entry_hall,
          uniq_grinder

Skill      XL: |  1  2  3  4  5  6  7 |
---------------+----------------------+-----
Fighting       | 2 4 6 |  6.0
Unarmed Combat | 4 5 6 |  6.8
Dodging        | |  2.0
Shapeshifting  | |  3.0

Action                     |  1- 3 |  4- 6 |  7- 9 || total
---------------------------+-------+-------+-------++-------
  Melee: Unarmed           |    51 |    75 |    68 ||   194
         Tentacles         |     8 |    10 |    14 ||    32
         Constrict         |    11 |    16 |    19 ||    46
         Punch             |     2 |     7 |     2 ||    11
  Throw: Javelin           |       |     3 |       ||     3
    Use: Potion            |       |       |     3 ||     3
   Stab: Sleeping          |     5 |     6 |     7 ||    18
 Armour: Skin              |     6 |     3 |     2 ||    11
  Dodge: Dodged            |    28 |    36 |    31 ||    95
  Block: Other             |       |       |    11 ||    11

Table legend: (Time is in decaauts)
 A = Elapsed time spent in this place.
 B = Non-inter-level travel time spent in this place.
 C = Inter-level travel time spent in this place.
 D = Time resting spent in this place.
 E = Time spent auto-exploring this place.
 F = Levels seen in this place.
 G = Mean time per level.
                   A        B        C        D        E       F      G
               +--------+--------+--------+--------+--------+-----+--------+
         Total |   3955 |   3766 |    189 |      0 |   3141 |   5 |  791.0 |
       Dungeon |   3955 |   3766 |    189 |      0 |   3141 |   5 |  791.0 |
               +--------+--------+--------+--------+--------+-----+--------+

Top non-repeatable levels by time:
     D:3: 1515 daAuts
     D:4: 1170 daAuts
     D:2: 572 daAuts
     D:1: 565 daAuts
     D:5: 131 daAuts
